[Event "Titled Tuesday Blitz March 01 Early 2022"]
[White "parintele_chess"]
[Black "Eynullayev, Atilla"]
[BlackFideId "13413570"]
[WhiteElo "2207"]
[BlackElo "1979"]
[Result "1/2-1/2"]
[Round "03"]
[TimeControl "180+1"]
[Date "2022.03.01"]
[WhiteClock "0:00:05"]
[BlackClock "0:00:07"]

1. d4 Nf6 2. Bf4 d5 3. e3 Bf5 4. Bd3 Bg6 5. Nf3 e6 6. O-O Nbd7 7. c4 c6 8. Nc3 Be7 9. h3 O-O 10. Ne5 Bxd3 11. Qxd3 Rc8 12. cxd5 exd5 13. Rac1 Re8 14. Rfd1 Nf8 15. a3 Ne6 16. Bh2 a5 17. f4 c5 18. f5 c4 19. Qe2 Ng5 20. Ng4 Nge4 21. Nf2 Nxc3 22. Rxc3 b5 23. e4 dxe4 24. Re3 Bd6 25. Bxd6 Qxd6 26. Nxe4 Nxe4 27. Rxe4 Rxe4 28. Qxe4 b4 29. axb4 axb4 30. Qe5 Qd7 31. d5 c3 32. bxc3 bxc3 33. Rc1 c2 34. d6 h6 35. Qe7 Qxe7 36. dxe7 Re8 37. Rxc2 Rxe7 38. g4 Re3 39. Kg2 Kh7 40. Rf2 h5 41. Rf3 Re2+ 42. Kg3 Kh6 43. Rd3 f6 44. Rf3 Re4 45. Rf4 Re3+ 46. Rf3 Re4 47. Rf4 h4+ 48. Kf3 Re1 49. Kg2 Re2+ 50. Rf2 Re3 51. Rf3 Re4 52. Rf2 Kg5 53. Rd2 Re3 54. Rd7 Rg3+ 55. Kh2 Kh6 56. Rd8 Kh7 57. Rd7 Re3 58. Rf7 Re2+ 59. Kg1 Kh6 60. Rd7 Ra2 61. Re7 Kg5 62. Rxg7+ Kf4 63. Rg6 Kf3 64. Rxf6 Ra1+ 65. Kh2 Ra2+ 66. Kg1 Ra1+ 67. Kh2 Ra2+ 68. Kg1 1/2-1/2


[Site "https://www.chess.com"]

[Event "Titled Tuesday Blitz March 01 Early 2022"]
[White "Aaditya Dhingra"]
[Black "Funderburg, John T"]
[WhiteFideId "25678191"]
[BlackFideId "2004992"]
[WhiteElo "1789"]
[BlackElo "2025"]
[Result "1-0"]
[Round "04"]
[TimeControl "180+1"]
[Date "2022.03.01"]
[WhiteClock "0:00:25"]
[BlackClock "0:00:06"]

1. Nf3 d5 2. c4 c6 3. g3 Nf6 4. Bg2 Bf5 5. O-O e6 6. b3 Be7 7. Bb2 O-O 8. d3 h6 9. Nbd2 Nbd7 10. Re1 Bh7 11. a3 a5 12. h3 Re8 13. e4 dxe4 14. Nxe4 Nxe4 15. dxe4 Nc5 16. Re3 Qxd1+ 17. Rxd1 Nxe4 18. Ne5 Nc5 19. Rf3 Bf6 20. Bf1 Red8 21. Re1 Bxe5 22. Bxe5 a4 23. b4 Nb3 24. c5 Rd7 25. g4 Rd2 26. h4 Rad8 27. Be2 R8d5 28. Bc4 Rd1 29. Re3 Rxe1+ 30. Rxe1 Rd2 31. g5 Nd4 32. Kg2 Bf5 33. Bf4 h5 34. Bxd2 g6 35. Be3 Nc2 36. Rd1 1-0


[Site "https://www.chess.com"]

[Event "Titled Tuesday Blitz March 01 Early 2022"]
[White "Abdyzhapar, Asylbek"]
[Black "Yang, Kaiqi"]
[WhiteFideId "13800337"]
[BlackFideId "8604398"]
[WhiteElo "2331"]
[BlackElo "2373"]
[Result "1-0"]
[Round "04"]
[TimeControl "180+1"]
[Date "2022.03.01"]
[WhiteClock "0:00:15"]
[BlackClock "0:00:01"]

1. e4 e5 2. Nf3 Nc6 3. Bb5 a6 4. Ba4 Nf6 5. O-O Nxe4 6. d4 b5 7. Bb3 d5 8. dxe5 Be6 9. Be3 Be7 10. Nbd2 Nc5 11. c3 Bg4 12. h3 Bh5 13. Qe2 O-O 14. Rfe1 Nxb3 15. axb3 Nxe5 16. Bd4 Nxf3+ 17. Nxf3 Bf6 18. Qe3 Bxf3 19. gxf3 Bxd4 20. Qxd4 Qd6 21. Kh1 c5 22. Qg4 Rfe8 23. Rg1 g6 24. Rae1 Re5 25. Kg2 Rae8 26. Rxe5 Rxe5 27. Rd1 Kg7 28. h4 Qf6 29. Rd2 Rh5 30. Qg3 d4 31. cxd4 cxd4 32. f4 Rf5 33. Kf3 Qc6+ 34. Ke2 Qe4+ 35. Kd1 Rxf4 36. Kc1 Rf3 37. Qd6 d3 38. Qc5 Rh3 39. Qc3+ Kh6 40. Kb1 f5 41. Ka2 b4 42. Qf6 Qf4 43. Rd1 Rf3 44. Rg1 Rxf2 45. Qf8+ Kh5 46. Rg5+ Qxg5 47. hxg5 Kg4 48. Qxb4+ f4 49. Qd4 Kg3 50. Qxd3+ f3 51. Qxa6 Re2 52. Qd6+ Kg2 53. Qd5 Re1 54. b4 Re3 55. b5 Kg1 56. Qd4 Kf2 1-0


[Site "https://www.chess.com"]

[Event "Titled Tuesday Blitz March 01 Early 2022"]
[White "Aggelis, Nikolaos"]
[Black "Khamdamova, Afruza"]
[WhiteFideId "4213220"]
[BlackFideId "14210444"]
[WhiteElo "2154"]
[BlackElo "1660"]
[Result "0-1"]
[Round "04"]
[TimeControl "180+1"]
[Date "2022.03.01"]
[WhiteClock "0:00:50"]
[BlackClock "0:00:10"]

1. d4 Nf6 2. Nf3 d5 3. c4 e6 4. g3 dxc4 5. Bg2 c5 6. O-O Nc6 7. Qa4 Bd7 8. dxc5 Bxc5 9. Qxc4 Bb6 10. Nc3 h6 11. e4 O-O 12. Rd1 Qc7 13. Nb5 Qc8 14. Bf4 Ng4 15. Nd6 Qd8 16. Nxb7 Qe8 17. Nd6 Qe7 18. Rd2 e5 19. Nf5 Bxf5 20. Qxc6 Nxf2 21. Rxf2 Bd7 22. Qc2 Bxf2+ 23. Kxf2 exf4 24. gxf4 Rfc8 25. Qd3 Rab8 26. b3 Bb5 27. Qe3 Rc2+ 28. Kg1 Re2 29. Qc3 Qxe4 30. Rd1 Bc6 31. Rd6 Bb7 32. Rd7 Re8 33. h3 Rxa2 34. Rd2 Rxd2 35. Qxd2 Qe3+ 36. Qxe3 Rxe3 37. Nd4 Bxg2 38. Kxg2 Rd3 39. Nc6 Rxb3 40. Nxa7 Kh7 41. Nc6 Kg6 42. Ne5+ Kf5 43. Nxf7 Kxf4 44. Nh8 Rb2+ 45. Kf1 Kf3 46. Ke1 Kg3 47. Ng6 Kxh3 48. Nf4+ Kg4 49. Ne6 h5 50. Nxg7 h4 51. Kf1 h3 52. Kg1 Kg3 53. Kh1 Rb1# 0-1


[Site "https://www.chess.com"]

[Event "Titled Tuesday Blitz March 01 Early 2022"]
[White "Alavkin, Arseny"]
[Black "Hess, Robert"]
[WhiteFideId "4120612"]
[BlackFideId "2022036"]
[WhiteElo "2391"]
[BlackElo "2557"]
[Result "0-1"]
[Round "04"]
[TimeControl "180+1"]
[Date "2022.03.01"]
[WhiteClock "0:00:04"]
[BlackClock "0:00:44"]

1. d4 g6 2. c4 Bg7 3. Nf3 e6 4. Nc3 Ne7 5. e4 b6 6. h4 h6 7. Be2 Bb7 8. Qc2 d6 9. Be3 Nd7 10. O-O-O Nf6 11. Ne1 O-O 12. g4 d5 13. cxd5 exd5 14. e5 Ne4 15. Nxe4 dxe4 16. Qd2 Kh7 17. Kb1 Nd5 18. h5 g5 19. Nc2 f6 20. f3 fxe5 21. fxe4 Nxe3 22. Qxe3 exd4 23. Nxd4 Qf6 24. Rhe1 Qe5 25. Qb3 Rf2 26. Nf5 Bxe4+ 27. Ka1 Bxf5 28. gxf5 Rxe2 29. Rxe2 Qxe2 30. f6 Bxf6 31. Qf7+ Bg7 32. Qf5+ Kh8 33. Qd5 Qxb2# 0-1


[Site "https://www.chess.com"]

[Event "Titled Tuesday Blitz March 01 Early 2022"]
[White "Ambartsumova, Karina"]
[Black "Zanette, Edgard Vinicius"]
[WhiteFideId "4166299"]
[BlackFideId "2109263"]
[WhiteElo "2262"]
[BlackElo "2182"]
[Result "1-0"]
[Round "04"]
[TimeControl "180+1"]
[Date "2022.03.01"]
[WhiteClock "0:00:28"]
[BlackClock "0:00:11"]

1. e4 e5 2. Nf3 Nc6 3. Bc4 Bc5 4. O-O Nf6 5. d4 Bxd4 6. Nxd4 Nxd4 7. f4 d6 8. Nc3 Be6 9. Bd3 h6 10. Be3 c5 11. h3 O-O 12. Qd2 c4 13. Be2 Nxe2+ 14. Qxe2 exf4 15. Bxf4 Qb6+ 16. Be3 Qxb2 17. Bd4 Qb4 18. Rab1 Qa5 19. Rb5 Qd8 20. Rxf6 gxf6 21. Rh5 Rc8 22. Qe3 Rc5 23. Rxh6 Rg5 24. Bxf6 Qb6 25. Rh8# 1-0


[Site "https://www.chess.com"]

[Event "Titled Tuesday Blitz March 01 Early 2022"]
[White "Arabidze, Meri"]
[Black "Tomiello, Mateus Costamilan"]
[WhiteFideId "13604040"]
[BlackFideId "22701958"]
[WhiteElo "2329"]
[BlackElo "1975"]
[Result "1-0"]
[Round "04"]
[TimeControl "180+1"]
[Date "2022.03.01"]
[WhiteClock "0:00:46"]
[BlackClock "0:00:02"]

1. d4 d5 2. c4 c6 3. Nf3 Nf6 4. e3 e6 5. Nbd2 Nbd7 6. Bd3 g6 7. O-O Bg7 8. e4 dxe4 9. Nxe4 Nxe4 10. Bxe4 O-O 11. Bg5 Qb6 12. Qd2 c5 13. Rad1 cxd4 14. Nxd4 Nc5 15. Bf3 e5 16. Nb5 e4 17. Be2 Be6 18. b4 Na4 19. c5 Qc6 20. Nd4 Qd5 21. Nxe6 Qxe6 22. Rc1 a5 23. b5 Qe5 24. Bf4 Qd4 25. Qxd4 Bxd4 26. c6 bxc6 27. Rxc6 Nc3 28. Bc4 Rac8 29. h4 Rxc6 30. bxc6 Kg7 31. c7 a4 32. Ba6 Nxa2 33. c8=Q Rxc8 34. Bxc8 Nc3 35. Bd6 1-0


[Site "https://www.chess.com"]

[Event "Titled Tuesday Blitz March 01 Early 2022"]
[White "Asadli, Vugar"]
[Black "Ohanyan, Emin"]
[WhiteFideId "13405764"]
[BlackFideId "13312022"]
[WhiteElo "2635"]
[BlackElo "1809"]
[Result "1-0"]
[Round "04"]
[TimeControl "180+1"]
[Date "2022.03.01"]
[WhiteClock "0:00:19"]
[BlackClock "0:00:01"]

1. e4 e5 2. Nf3 Nc6 3. Bc4 Nf6 4. d3 d5 5. exd5 Nxd5 6. O-O Bc5 7. Nc3 Nxc3 8. bxc3 O-O 9. Re1 Qf6 10. h3 Bd6 11. Bd5 Be6 12. Bxc6 bxc6 13. Ng5 Bf5 14. Qf3 Qg6 15. Ne4 Bd7 16. Be3 f5 17. Nc5 Be8 18. Nb3 f4 19. Bc5 Bd7 20. d4 exd4 21. cxd4 Rae8 22. c3 h5 23. Nd2 Bxc5 24. dxc5 Bf5 25. Rxe8 Rxe8 26. Kh2 Re5 27. Qxf4 Rxc5 28. Nf3 Qf6 29. Re1 Bg6 30. Qxc7 Rxc3 31. h4 Kh7 32. Ng5+ Kh6 33. Qb8 Qf5 34. Qh8+ Bh7 35. Re6+ g6 36. Qxh7# 1-0


[Site "https://www.chess.com"]

[Event "Titled Tuesday Blitz March 01 Early 2022"]
[White "Aydin, Gulenay"]
[Black "Terzi, Alexei"]
[WhiteFideId "34557431"]
[BlackFideId "13505076"]
[WhiteElo "1429"]
[BlackElo "2031"]
[Result "0-1"]
[Round "04"]
[TimeControl "180+1"]
[Date "2022.03.01"]
[WhiteClock "0:00:04"]
[BlackClock "0:00:07"]

1. e4 e6 2. d4 d5 3. Nd2 Nc6 4. Ngf3 Nf6 5. e5 Nd7 6. c4 dxc4 7. Nxc4 Nb6 8. a3 Be7 9. Bd3 h6 10. O-O a6 11. Be3 Nxc4 12. Bxc4 b5 13. Ba2 Bb7 14. Qe2 O-O 15. Rad1 Nb8 16. Bb1 Nd7 17. Rfe1 Re8 18. Nd2 Nb6 19. Qd3 f5 20. exf6 Bxf6 21. Qh7+ Kf8 22. Bg6 Qd6 23. Bxh6 Nd5 24. Ne4 Qd8 25. Ng5 Nf4 26. Bxe8 Qd5 27. f3 Rxe8 28. Ne4 Bxd4+ 29. Kh1 Qe5 30. Rxd4 Qxd4 31. Ng5 Qf6 32. Qh8+ Ke7 33. Qxg7+ Qxg7 34. Bxg7 Rg8 35. Be5 Nxg2 36. Kxg2 Rxg5+ 37. Kf2 Rf5 38. Bxc7 Rxf3+ 39. Ke2 Rf5 40. Rg1 Kd7 41. Ba5 Bf3+ 42. Kd2 Kd6 43. Bb4+ Kc6 44. Ke3 Bd5 45. Rg8 Rf3+ 46. Kd4 Rh3 47. Rc8+ Kd7 48. Rb8 Rxh2 49. Rg8 Rxb2 50. Kc5 Rc2+ 51. Kb6 Rc6+ 52. Ka7 e5 53. Rg7+ Ke6 54. Rg6+ Kf5 55. Rg1 e4 56. Re1 Bc4 57. Kb7 Re6 58. Kc7 e3 59. Bd6 e2 60. Kd7 Re4 61. Kc7 Kg4 62. Kc6 Re6 63. Kc5 Rxd6 64. Kxd6 Kf3 65. Kc5 Kf2 66. Rxe2+ Kxe2 67. Kb6 Kd3 68. Kxa6 b4+ 69. Kb6 bxa3 0-1


[Site "https://www.chess.com"]

[Event "Titled Tuesday Blitz March 01 Early 2022"]
[White "Babazada, Khazar"]
[Black "Al-Tarboush, Ward"]
[WhiteFideId "13413554"]
[BlackFideId "7601450"]
[WhiteElo "2418"]
[BlackElo "2276"]
[Result "1-0"]
[Round "04"]
[TimeControl "180+1"]
[Date "2022.03.01"]
[WhiteClock "0:00:23"]
[BlackClock "0:00:08"]

1. e4 e6 2. d4 d5 3. Nc3 Nf6 4. e5 Nfd7 5. Nce2 c5 6. c3 Nc6 7. Nf3 Be7 8. a3 f6 9. Nf4 Nf8 10. Nh5 Rg8 11. Bd3 f5 12. Rg1 g6 13. Nf6+ Bxf6 14. exf6 Qxf6 15. Bg5 Qf7 16. Bb5 Nd7 17. Qe2 a6 18. Bxc6 bxc6 19. dxc5 Nxc5 20. Ne5 Qb7 21. O-O-O Bd7 22. Rge1 Ne4 23. Be3 O-O-O 24. f3 Nd6 25. Bc5 Be8 26. Bxd6 Rxd6 27. Nc4 Rd8 28. Qxe6+ Bd7 29. Nd6+ Kc7 30. Nxb7 Bxe6 31. Nxd8 Bd7 32. Nf7 a5 33. Re7 Rg7 34. Ree1 Rxf7 35. f4 Kd6 36. c4 Rf8 37. Kc2 a4 38. Re5 Be6 39. c5+ Kd7 40. Rde1 Rf6 41. Kc3 h6 42. h4 g5 43. hxg5 hxg5 44. fxg5 Rg6 45. Kb4 d4 46. Rd1 Rxg5 47. Rxd4+ Bd5 48. Re2 Rg8 49. Kxa4 Rb8 50. Red2 Kc7 51. Rxd5 cxd5 52. b4 Kc6 53. Re2 d4 54. Re6+ Kd5 55. Rd6+ Kc4 56. Ka5 d3 57. c6 Kc3 58. b5 d2 59. Rxd2 Kxd2 60. b6 Ke3 61. b7 Kf2 62. Kb6 Kxg2 63. c7 Rxb7+ 64. Kxb7 f4 65. c8=Q f3 66. a4 f2 67. Qc2 Kg1 68. Qxf2+ Kxf2 69. a5 Ke3 70. a6 1-0


[Site "https://www.chess.com"]

[Event "Titled Tuesday Blitz March 01 Early 2022"]
[White "Balaji, Aaravamudhan"]
[Black "Chigaev, Maksim"]
[WhiteFideId "436224"]
[BlackFideId "4108116"]
[WhiteElo "2085"]
[BlackElo "2502"]
[Result "0-1"]
[Round "04"]
[TimeControl "180+1"]
[Date "2022.03.01"]
[WhiteClock "0:00:04"]
[BlackClock "0:00:04"]

1. Nf3 Nf6 2. g3 g6 3. Bg2 Bg7 4. O-O O-O 5. d3 c5 6. e4 Nc6 7. Re1 d6 8. c3 Rb8 9. d4 cxd4 10. cxd4 Bg4 11. h3 Bxf3 12. Bxf3 Nd7 13. d5 Nd4 14. Bg2 Rc8 15. Nc3 Qb6 16. Be3 Rc4 17. Bf1 Qxb2 18. Bxc4 Nc2 19. Rc1 Nxe1 20. Qxe1 Rc8 21. Nd1 Qa3 22. Bb5 Rxc1 23. Bxc1 Qxc1 24. Bxd7 Qc2 25. Ne3 Qxa2 26. Qb4 b6 27. Qc4 Qa1+ 28. Kg2 h5 29. Qa4 Qb1 30. Bb5 Bh6 31. Nf1 a5 32. Be2 Qb2 33. Qe8+ Kg7 34. Bf3 b5 35. Qxe7 a4 36. e5 Qxe5 37. Qa7 Qc3 38. Ne3 Bxe3 39. fxe3 a3 40. Be4 Qb2+ 41. Kf3 a2 42. Bxg6 Qf6+ 43. Kg2 a1=Q 44. Qxf7+ 0-1


[Site "https://www.chess.com"]

[Event "Titled Tuesday Blitz March 01 Early 2022"]
[White "Bashirli, Nail"]
[Black "Onufrienko, Vladislav"]
[WhiteFideId "13406809"]
[BlackFideId "13804332"]
[WhiteElo "2333"]
[BlackElo "1659"]
[Result "1-0"]
[Round "04"]
[TimeControl "180+1"]
[Date "2022.03.01"]
[WhiteClock "0:00:30"]
[BlackClock "0:00:22"]

1. e4 e5 2. Nf3 Nc6 3. Bb5 Nf6 4. O-O Nxe4 5. Re1 Nd6 6. Nxe5 Nxe5 7. Rxe5+ Be7 8. Bf1 O-O 9. d4 Bf6 10. Re2 Re8 11. Rxe8+ Qxe8 12. Bf4 Nf5 13. c3 c6 14. d5 Qe4 15. dxc6 dxc6 16. Bc7 Nh4 17. Nd2 Qg6 18. Bg3 Bg4 19. Qb3 Rd8 20. Nc4 Bc8 21. Re1 Nf5 22. Bd3 h5 23. Nd6 h4 24. Bf4 Qg4 25. Qxf7+ Kh8 26. Re8+ Kh7 27. Rxd8 Bxd8 28. Bxf5+ Bxf5 29. Qxf5+ Qxf5 30. Nxf5 g5 1-0


[Site "https://www.chess.com"]

[Event "Titled Tuesday Blitz March 01 Early 2022"]
[White "Batsiashvili, Nino"]
[Black "Sahin, Handenur"]
[WhiteFideId "13602993"]
[BlackFideId "6334865"]
[WhiteElo "2230"]
[BlackElo "2175"]
[Result "0-1"]
[Round "04"]
[TimeControl "180+1"]
[Date "2022.03.01"]
[WhiteClock "0:00:19"]
[BlackClock "0:00:45"]

1. d4 d5 2. c4 c6 3. Nf3 Nf6 4. e3 Bf5 5. Nc3 e6 6. Nh4 Bg6 7. Nxg6 hxg6 8. g3 Nbd7 9. Bg2 Bd6 10. Bd2 Qe7 11. Qe2 dxc4 12. e4 e5 13. d5 cxd5 14. exd5 Rc8 15. O-O O-O 16. Nb5 Bb8 17. a4 a6 18. Na3 Nb6 19. a5 Nbxd5 20. Nxc4 Rfd8 21. Rfe1 Nb4 22. Bxb4 Qxb4 23. Nxe5 Bxe5 24. Qxe5 Re8 25. Bxb7 Rxe5 26. Bxc8 Rxe1+ 27. Kg2 Qe4+ 0-1


[Site "https://www.chess.com"]

[Event "Titled Tuesday Blitz March 01 Early 2022"]
[White "Beerdsen, Thomas"]
[Black "Tari, Aryan"]
[WhiteFideId "1030108"]
[BlackFideId "1510045"]
[WhiteElo "2585"]
[BlackElo "2567"]
[Result "0-1"]
[Round "04"]
[TimeControl "180+1"]
[Date "2022.03.01"]
[WhiteClock "0:00:49"]
[BlackClock "0:00:55"]

1. e4 c6 2. d4 d5 3. f3 g6 4. Nc3 Bg7 5. Be3 Qb6 6. a3 e5 7. Nge2 Ne7 8. Qd2 Qxb2 9. Rb1 Qxa3 10. exd5 Nxd5 11. Nxd5 cxd5 12. dxe5 Nc6 13. Nc3 O-O 14. f4 Be6 15. Nb5 Qe7 16. Be2 f6 17. exf6 Bxf6 18. O-O Rae8 19. Bf3 a6 20. Nd4 Nxd4 21. Bxd4 b5 22. Ra1 Bxd4+ 23. Qxd4 Qd6 24. g3 Rc8 25. Rfe1 Bf7 26. Qa7 Ra8 27. Qd4 Rfc8 28. Re5 Rc4 29. Qf2 Qc5 30. Qxc5 Rxc5 31. Rd1 Rxc2 32. Rdxd5 Rac8 33. Rd7 R8c7 34. Rd8+ Kg7 35. Ra8 b4 36. Rxa6 b3 37. Rb6 b2 38. Re1 Rc1 39. Kf2 Rxe1 0-1


[Site "https://www.chess.com"]

[Event "Titled Tuesday Blitz March 01 Early 2022"]
[White "Belyakov, Bogdan"]
[Black "Wong, Yinn Long"]
[WhiteFideId "24104795"]
[BlackFideId "5707684"]
[WhiteElo "2407"]
[BlackElo "2055"]
[Result "1-0"]
[Round "04"]
[TimeControl "180+1"]
[Date "2022.03.01"]
[WhiteClock "0:01:17"]
[BlackClock "0:00:10"]

1. e4 c5 2. c3 g6 3. Nf3 Bg7 4. d4 cxd4 5. cxd4 d5 6. e5 Bg4 7. Bb5+ Nd7 8. h3 Bxf3 9. Qxf3 e6 10. O-O Ne7 11. Bg5 O-O 12. Nc3 a6 13. Bd3 Rc8 14. Qf4 f6 15. exf6 Nxf6 16. Qh4 Nf5 17. Bxf5 exf5 18. Rfe1 Qd7 19. Re5 Qf7 20. Rae1 Rfe8 21. Bxf6 Bxf6 22. Rxe8+ Rxe8 23. Rxe8+ Kg7 24. Qf4 Qxe8 25. Nxd5 Qd7 26. Nxf6 Kxf6 27. Qe5+ Kf7 28. d5 Qe7 29. Qd4 Qe1+ 30. Kh2 Ke7 31. Qg7+ Kd6 32. Qxb7 Qxf2 33. Qc6+ Ke7 34. Qe6+ Kd8 35. Qd6+ Ke8 36. Qe5+ Kd8 37. d6 f4 38. Qe7+ 1-0


[Site "https://www.chess.com"]

[Event "Titled Tuesday Blitz March 01 Early 2022"]
[White "Bilan, Danila"]
[Black "Madaminov, Mukhiddin"]
[WhiteFideId "24161918"]
[BlackFideId "14210703"]
[WhiteElo "2164"]
[BlackElo "1916"]
[Result "1-0"]
[Round "04"]
[TimeControl "180+1"]
[Date "2022.03.01"]
[WhiteClock "0:00:07"]
[BlackClock "0:00:05"]

1. d4 Nf6 2. Nf3 e6 3. g3 d5 4. Bg2 a6 5. O-O Nc6 6. b3 Bd6 7. c4 O-O 8. Bb2 Re8 9. Qc2 Bd7 10. Ne5 Bf8 11. Nd2 Rb8 12. Rac1 Nb4 13. Qb1 Nc6 14. e4 dxc4 15. Ndxc4 Nxe5 16. dxe5 Ng4 17. h3 Nh6 18. Rfd1 Kh8 19. Rd3 b5 20. Na5 Qc8 21. Rcd1 Rd8 22. Nc6 Bxc6 23. Rxd8 Qxd8 24. Rxd8 Rxd8 25. Qc2 Be8 26. Qxc7 Rd1+ 27. Kh2 Kg8 28. Qb8 Rd2 29. Bc1 Rc2 30. Bxh6 gxh6 31. Qxe8 Rxf2 32. a4 bxa4 33. Qxa4 Rb2 34. h4 a5 35. Kh3 Bb4 36. Bf3 Be1 37. Bh5 Kf8 38. Qd4 Rxb3 39. Qd8+ Kg7 40. Qf6+ Kg8 41. Qxf7+ Kh8 42. Qf8# 1-0


[Site "https://www.chess.com"]

[Event "Titled Tuesday Blitz March 01 Early 2022"]
[White "Bilych, Olexiy"]
[Black "parintele_chess"]
[WhiteFideId "14156504"]
[WhiteElo "2195"]
[BlackElo "2214"]
[Result "1-0"]
[Round "04"]
[TimeControl "180+1"]
[Date "2022.03.01"]
[WhiteClock "0:01:44"]
[BlackClock "0:00:44"]

1. e4 e5 2. Nf3 Nc6 3. Bc4 Nf6 4. d3 Bc5 5. c3 O-O 6. O-O d6 7. Re1 h6 8. h3 a5 9. Bb5 Na7 10. Ba4 b5 11. Bc2 Bb6 12. d4 Nc6 13. Be3 b4 14. Nbd2 Re8 15. Nc4 exd4 16. Nxb6 dxe3 17. Nxa8 exf2+ 18. Kxf2 Bb7 19. e5 Nxe5 20. Nxe5 Rxe5 21. Rxe5 Qxa8 22. Rf5 Bxg2 23. Rxf6 gxf6 24. Qg4+ Kh8 25. Qxg2 Qa7+ 26. Kf1 Qe3 27. Re1 Qf4+ 28. Qf2 Qg5 29. Re8+ Kg7 30. Qg2 bxc3 31. bxc3 h5 32. h4 Qg4 33. Qxg4+ hxg4 34. Kg2 1-0


[Site "https://www.chess.com"]

[Event "Titled Tuesday Blitz March 01 Early 2022"]
[White "Bodnaruk, Anastasia"]
[Black "Niyazgulova, Marina"]
[WhiteFideId "4181751"]
[BlackFideId "24142573"]
[WhiteElo "2393"]
[BlackElo "2075"]
[Result "1-0"]
[Round "04"]
[TimeControl "180+1"]
[Date "2022.03.01"]
[WhiteClock "0:00:05"]
[BlackClock "0:00:02"]

1. e4 d5 2. exd5 Qxd5 3. Nc3 Qd6 4. d4 Nf6 5. Nf3 c6 6. Be2 Bg4 7. h3 Bf5 8. g4 Bg6 9. Ne5 Nbd7 10. f4 Be4 11. Rg1 Bd5 12. Bd3 g6 13. Qe2 Bg7 14. Be3 Qb4 15. O-O-O Qa5 16. g5 Nh5 17. Nxd7 Kxd7 18. f5 Bxa2 19. Rge1 Bd5 20. Nxd5 cxd5 21. Bb5+ Kd8 22. Bf2 Bf8 23. Kb1 Rc8 24. Qe5 Qxb5 25. Qxh8 Qe8 26. Qe5 Qd7 27. fxg6 hxg6 28. Rd3 Bg7 29. Qe3 Qd6 30. Rb3 b6 31. Ra3 Rc7 32. Bg1 Qd7 33. Rf1 Qc6 34. Rc3 Qd7 35. Rxc7 Qxc7 36. Rxf7 Qd6 37. Bf2 Qb4 38. c3 Qd6 39. Rf3 Kd7 40. Kc2 Kd8 41. Qe2 Kd7 42. Re3 Kd8 43. Re6 Qd7 44. Re3 Qf5+ 45. Kc1 Bf8 46. Qf3 Ng7 47. Qxf5 Nxf5 48. Re5 Kd7 49. Rxd5+ Ke6 50. Re5+ Kd6 51. h4 Bg7 52. Re4 e6 53. c4 Bh8 54. Kc2 Bg7 55. Kd3 Bh8 56. b4 Bg7 57. Re1 Bh8 58. Ra1 a5 59. bxa5 bxa5 60. Rxa5 Bg7 61. Ra7 Kc6 62. Rf7 Kd6 63. c5+ Kc6 64. Kc4 1-0


[Site "https://www.chess.com"]

[Event "Titled Tuesday Blitz March 01 Early 2022"]
[White "Borisova, Ekaterina"]
[Black "Matveeva, Olga"]
[WhiteFideId "34124184"]
[BlackFideId "24107018"]
[WhiteElo "2034"]
[BlackElo "2083"]
[Result "0-1"]
[Round "04"]
[TimeControl "180+1"]
[Date "2022.03.01"]
[WhiteClock "0:00:01"]
[BlackClock "0:00:32"]

1. d4 Nf6 2. c4 d6 3. Nc3 e5 4. Nf3 Nbd7 5. e4 c6 6. Be2 Be7 7. O-O O-O 8. Re1 Qc7 9. Bf1 Re8 10. d5 a6 11. Be3 Bf8 12. Rc1 c5 13. Nh4 g6 14. a3 Bg7 15. b4 b6 16. Qd2 Nh5 17. g3 Kh8 18. Bh6 Ndf6 19. Be2 Bh3 20. Nd1 Nxe4 21. Bxg7+ Nxg7 22. Qe3 Nf6 23. Qh6 Qd7 24. Ne3 Ng8 25. Qg5 h6 26. Nxg6+ fxg6 27. Qxg6 Bf5 28. Nxf5 Qxf5 29. Qxd6 Rf8 30. Rf1 Rf6 31. Qc7 Raf8 32. bxc5 bxc5 33. Qxc5 e4 34. Rb1 Ne8 35. Rb7 R6f7 36. Rb6 Rf6 37. Qd4 Ng7 38. Rb7 Kh7 39. c5 R6f7 40. Rxf7 Rxf7 41. d6 Ne6 42. Qc4 Nxc5 43. Qd4 Ne6 0-1


[Site "https://www.chess.com"]

[Event "Titled Tuesday Blitz March 01 Early 2022"]
[White "Buscar, Michael"]
[Black "Viani Antonio Dcunha"]
[WhiteFideId "2603616"]
[BlackFideId "5027330"]
[WhiteElo "2010"]
[BlackElo "2366"]
[Result "0-1"]
[Round "04"]
[TimeControl "180+1"]
[Date "2022.03.01"]
[WhiteClock "0:01:45"]
[BlackClock "0:01:53"]

1. c4 Nf6 2. Nc3 e5 3. e3 d5 4. cxd5 Nxd5 5. Qc2 Nc6 6. a3 Be6 7. Nf3 Bd6 8. Ne4 h6 9. Nc5 Bc8 10. Bc4 Bxc5 11. O-O O-O 12. d4 exd4 13. exd4 Nxd4 14. Nxd4 Bxd4 15. Rd1 c5 16. b4 Bxa1 17. Bxd5 Qf6 18. Be3 Bd4 0-1


[Site "https://www.chess.com"]

[Event "Titled Tuesday Blitz March 01 Early 2022"]
[White "Carre, Sylvain"]
[Black "Ferguson, Randal"]
[WhiteFideId "642118"]
[BlackFideId "30903106"]
[WhiteElo "2105"]
[BlackElo "2086"]
[Result "1-0"]
[Round "04"]
[TimeControl "180+1"]
[Date "2022.03.01"]
[WhiteClock "0:00:14"]
[BlackClock "0:00:01"]

1. d4 Nf6 2. Bf4 c5 3. d5 Qb6 4. Nc3 d6 5. Rb1 Bf5 6. f3 Nbd7 7. e4 Bg6 8. h4 h5 9. Nh3 O-O-O 10. Ng5 Ne5 11. Qd2 Ne8 12. a4 a6 13. Be2 Nc7 14. Qe3 Qb4 15. O-O Nc4 16. Qc1 e5 17. dxe6 Nxe6 18. Nd5 Nxf4 19. Qxf4 Qd2 20. Bxc4 Qd4+ 21. Ne3 d5 22. Rfd1 Qf6 23. Qxf6 gxf6 24. Nxd5 fxg5 25. hxg5 Bg7 26. Ne7+ Kc7 27. Nxg6 fxg6 28. c3 h4 29. Be6 h3 30. Bxh3 Be5 31. Kf2 Bf4 32. Rd5 1-0


[Site "https://www.chess.com"]

[Event "Titled Tuesday Blitz March 01 Early 2022"]
[White "Caruana, Fabiano"]
[Black "Svane, Frederik"]
[WhiteFideId "2020009"]
[BlackFideId "12923044"]
[WhiteElo "2744"]
[BlackElo "2459"]
[Result "0-1"]
[Round "04"]
[TimeControl "180+1"]
[Date "2022.03.01"]
[WhiteClock "0:00:07"]
[BlackClock "0:00:05"]

1. d4 Nf6 2. c4 e6 3. Nf3 d5 4. g3 Bb4+ 5. Bd2 Be7 6. Bg2 O-O 7. O-O c6 8. Qb3 a5 9. Rd1 a4 10. Qc2 Nbd7 11. Bf4 Nh5 12. Be3 f5 13. Ne5 f4 14. Bd2 Nxe5 15. dxe5 Bc5 16. cxd5 Bxf2+ 17. Kxf2 fxg3+ 18. Ke1 gxh2 19. Be3 exd5 20. Kd2 Bf5 21. Qc5 Be4 22. Bxe4 dxe4+ 23. Qd6 Qe8 24. Bb6 e3+ 25. Kc2 Ra6 26. Bc5 Rf2 27. Nc3 Ng3 28. Bxe3 Nf5 29. Qd3 Nxe3+ 30. Qxe3 Qg6+ 31. Ne4 Rf8 32. Rd6 Qf5 33. Qd3 Ra5 34. Nf6+ Rxf6 35. exf6 Rc5+ 36. Kd2 Qf4+ 37. e3 Qf2+ 38. Qe2 Rc2+ 39. Kxc2 Qxe2+ 40. Kc3 Qxe3+ 41. Rd3 Qc5+ 42. Kd2 gxf6 43. Rh1 Qg1 44. Rd8+ Kf7 45. Rd7+ Ke6 0-1


[Site "https://www.chess.com"]

[Event "Titled Tuesday Blitz March 01 Early 2022"]
[White "Cori T., Deysi"]
[Black "Oparin, Grigoriy"]
[WhiteFideId "3801934"]
[BlackFideId "24125890"]
[WhiteElo "2350"]
[BlackElo "2685"]
[Result "0-1"]
[Round "04"]
[TimeControl "180+1"]
[Date "2022.03.01"]
[WhiteClock "0:01:02"]
[BlackClock "0:02:21"]

1. d4 Nf6 2. Nf3 e6 3. e3 b6 4. Bd3 Bb7 5. O-O g6 6. c4 Bg7 7. Nc3 d6 8. e4 Nbd7 9. Qe2 e5 10. Rd1 Qe7 11. Nd5 Nxd5 12. exd5 exd4 13. Qxe7+ Kxe7 14. Bg5+ Kf8 15. Bf1 h6 16. Bc1 a5 17. Nxd4 Bxd4 18. Rxd4 f6 19. g3 Kf7 20. Bh3 Nc5 21. Bd2 Bc8 22. Bf1 Bf5 23. f3 g5 24. Kf2 Rhe8 25. h4 a4 26. Be2 Re7 27. hxg5 hxg5 28. Rh1 Rae8 29. Bf1 Kg7 30. Bc3 Kg6 31. Bd2 Bb1 32. a3 Nb3 33. Bd3+ Bxd3 34. Rxd3 Re2+ 0-1


[Site "https://www.chess.com"]